Blues vs Maroons

Created - 8 décembre 2020 at 08:15

Goals
1 2 3 T
Blues 0 0 4 4
Maroons 0 1 1 2
Shots
1 2 3 T
Blues 8 3 19 30
Maroons 18 10 11 39

1st period

No Goal

Penalties :
Jacob Trouba (MON) for Fighting (Major) at 0:11, Evander Kane (STL) for Fighting (Major) at 0:11, Brenden Dillon (MON) for Roughing (Double Minor) at 6:33, Evgeny Kuznetsov (STL) for Holding (Minor) at 11:06

2nd period

1. Maroons , Esa Lindell 1 (Matthew Tkachuk 5, Bo Horvat 4) at 1:54 (PP)

Penalties :
MacKenzie Weegar (STL) for Roughing (Minor) at 1:23, MacKenzie Weegar (STL) for Roughing (Minor) at 6:53, Nick Ritchie (MON) for High sticking (Minor) at 9:09

3rd period

2. Maroons , Carl Gunnarsson 1 (Pierre-Luc Dubois 6, Bo Horvat 5) at 3:00
3. Blues , Andy Greene 1 (Morgan Rielly 3, Michael Frolik 1) at 6:31
4. Blues , Evander Kane 2 (Evgeny Kuznetsov 4, Andy Greene 2) at 13:08 (PP)
5. Blues , Colin White 1 (Christian Dvorak 3) at 16:09
6. Blues , Reilly Smith 3 (Morgan Rielly 4, Anthony Cirelli 4) at 19:13 (SH) (Empty Net)

Penalties :
Matthew Tkachuk (MON) for Tripping (Minor) at 3:47, Pierre-Luc Dubois (MON) for Hooking (Minor) at 11:27, Nicolas Aube-Kubel (MON) for Fighting (Major) at 18:25, MacKenzie Weegar (STL) for Fighting (Major) at 18:25, MacKenzie Weegar (STL) for instigated a fight (Minor) at 18:25, MacKenzie Weegar (STL) for instigated a fight (10 Minutes Misconduct) at 18:25

Goalie Stats

Jonathan Quick (STL), 37 saves from 39 shots - (0,949), W, 3-5-0, 60:00 minutes
John Gibson (MON), 26 saves from 29 shots - (0,897), L, 2-4-3, 59:50 minutes

Players Stats for Blues

Player Name              G  A  P  +/- PIM S  H  SB GA TA FO     MP     PP MP  PK MP  
------------------------------------------------------------------------------------
Andy Greene              1  1  2   3  0   2  0  0  0  0  0/0    26:33   6:15   4:19 
Anthony Cirelli          0  1  1   1  0   1  3  0  0  1  2/2    20:26   4:36   1:55 
Christian Dvorak         0  1  1   0  0   4  0  0  0  0  8/9    11:50   0:40   0:05 
Colin White              1  0  1   0  0   5  0  0  0  0  0/0    10:38   0:00   0:00 
Curtis Lazar             0  0  0   1  0   0  1  0  0  0  0/0     8:34   0:27   0:00 
Evander Kane             1  0  1   0  5   7  2  0  3  0  4/8    20:55   4:35   4:02 
Evgeny Kuznetsov         0  1  1   0  2   0  0  0  1  0  9/28   21:48   4:36   2:54 
Jeff Carter              0  0  0   0  0   3  0  0  0  0  7/12   15:39   4:27   0:00 
Jonathan Drouin          0  0  0   0  0   1  1  1  3  0  0/1    16:22   4:24   0:46 
Justin Faulk             0  0  0  -1  0   2  0  0  1  0  0/0    19:34   3:20   1:44 
MacKenzie Weegar         0  0  0   0  21  0  0  0  0  0  0/0    11:15   0:03   0:00 
Marc-Edouard Vlasic      0  0  0  -1  0   0  1  2  0  0  0/0    19:34   3:20   1:44 
Matt Martin              0  0  0   0  0   0  1  0  0  0  0/2     2:15   0:42   0:00 
Melker Karlsson          0  0  0   1  0   1  1  0  0  0  0/0     8:52   0:00   0:18 
Michael Frolik           0  1  1   1  0   1  0  0  0  0  0/0     8:07   0:00   0:00 
Mike Reilly              0  0  0   0  0   0  0  0  0  0  0/0     2:38   0:00   0:00 
Morgan Rielly            0  2  2   3  0   1  2  0  0  0  0/0    29:11   6:15   4:19 
Reilly Smith             1  0  1   1  0   2  1  0  1  0  1/1    16:43   4:27   1:01 
Sean Walker              0  0  0   0  0   0  1  1  0  1  0/0    11:15   0:03   0:00 
Zach Sanford             0  0  0   0  0   0  1  0  0  0  0/0    11:43   0:00   1:05 

Players Stats for Maroons

Player Name              G  A  P  +/- PIM S  H  SB GA TA FO     MP     PP MP  PK MP  
------------------------------------------------------------------------------------
Bo Horvat                0  2  2  -1  0   5  0  0  0  2  22/37  23:33   4:00   4:56 
Brendan Gallagher        0  0  0   0  0   2  4  0  0  0  0/0    15:36   2:21   0:20 
Brenden Dillon           0  0  0   0  4   1  3  0  0  2  0/0    15:47   0:00   2:02 
Bryan Rust               0  0  0  -1  0   4  1  2  1  0  0/2    23:02   3:45   5:02 
Cal Clutterbuck          0  0  0   0  0   1  1  0  0  0  0/0     3:55   0:05   2:59 
Carl Gunnarsson          1  0  1  -1  0   3  2  0  0  0  0/0    19:32   0:00   2:08 
Charlie Coyle            0  0  0  -1  0   4  0  0  0  0  2/8    11:08   0:12   0:03 
Dylan McIlrath           0  0  0  -1  0   0  1  1  0  1  0/0    14:30   1:36   0:40 
Esa Lindell              1  0  1  -1  0   3  1  2  0  2  0/0    27:47   4:27   5:08 
Filip Zadina             0  0  0   0  0   0  0  0  0  0  2/2    14:43   2:13   0:00 
Frederik Gauthier        0  0  0   0  0   1  0  0  0  1  0/0     6:27   0:00   0:00 
Jacob Trouba             0  0  0  -1  5   3  4  5  0  0  0/0    25:48   4:27   5:08 
Jay Beagle               0  0  0   0  0   0  0  0  0  0  0/0     9:25   0:05   2:34 
Matthew Tkachuk          0  1  1  -1  2   1  3  1  1  0  0/1    18:13   3:45   0:00 
Nick Ritchie             0  0  0  -1  2   4  2  1  0  0  0/0    10:47   0:00   0:00 
Nicolas Aube-Kubel       0  0  0  -1  5   1  0  0  0  0  1/2    12:32   0:00   1:45 
Pierre-Luc Dubois        0  1  1   0  2   5  3  0  0  0  5/11   16:54   2:24   1:57 
Ryan McDonagh            0  0  0   0  0   1  1  3  0  1  0/0    20:37   0:55   3:50 

3 Stars

1 - Andy Greene (STL)
2 - Morgan Rielly (STL)
3 - Jonathan Quick (STL)

Power Play

Blues - 1 on 5 Attempt(s) - 20,00%
Maroons - 1 on 4 Attempt(s) - 25,00%

Penalty Kill

Blues - 3 on 4 Attempt(s) - 75,00% - Score 1 goal in Penalty Kill
Maroons - 4 on 5 Attempt(s) - 80,00% - Score 0 goal in Penalty Kill

Team Stat

Blues - Hits : 15 - Faceoff Wins : 31 - Blocked Shots : 4 - Penalty Minutes : 28
Maroons - Hits : 26 - Faceoff Wins : 32 - Blocked Shots : 15 - Penalty Minutes : 20

Official

Referees : Francois St-Laurent and Dan O'Rourke
Linesman : Travis Toomey and Luke Galvin

Game Notes

Evander Kane beats up Jacob Trouba at 0:11 of 1st period
14:54 of 1st period - Blues goal is going for a video replay. After video review, No Goal. The puck has entered the net after making contact with an attacking player’s stick that is above the height of the crossbar.
Nicolas Aube-Kubel and MacKenzie Weegar fight to a draw at 18:25 of 3rd period
Reilly Smith has scored in a empty net!

Finance

Level 1 -- Attendance: 4384 (73,07%) -- Ticket Income 438 400 $
Level 2 -- Attendance: 5000 (100,00%) -- Ticket Income 300 000 $
Level 3 -- Attendance: 1926 (96,30%) -- Ticket Income 67 410 $
Level 4 -- Attendance: 3739 (93,48%) -- Ticket Income 74 780 $
Luxury Box -- Attendance: 706 (70,60%) -- Ticket Income 141 200 $
Game was played at the Arena de Verdun.
Total Attendance: 15755 (87,53%)
Total Ticket Income: 1 021 790 $
Other Income: 500 677 $
Total Income: 1 522 467 $

Blues

5 vs 5 Forward 
   Center                   Left Wing                Right Wing               Time % Phy DF OF 
 1 Evgeny Kuznetsov         Evander Kane             Anthony Cirelli          40     1   2  2  
 2 Jeff Carter              Reilly Smith             Jonathan Drouin          30     1   2  2  
 3 Christian Dvorak         Zach Sanford             Colin White              20     1   2  2  
 4 Melker Karlsson          Michael Frolik           Curtis Lazar             10     1   2  2  

5 vs 5 Defense 
   Defense                  Defense                                           Time % Phy DF OF 
 1 Morgan Rielly            Andy Greene                                       40     1   2  2  
 2 Marc-Edouard Vlasic      Justin Faulk                                      30     1   2  2  
 3 MacKenzie Weegar         Sean Walker                                       20     1   2  2  
 4 Mike Reilly              Morgan Rielly                                     10     1   2  2  

PowerPlay Forward 
   Center                   Left Wing                Right Wing               Time % Phy DF OF 
 1 Evgeny Kuznetsov         Evander Kane             Anthony Cirelli          60     1   2  2  
 2 Jeff Carter              Reilly Smith             Jonathan Drouin          40     1   2  2  

PowerPlay Defense
   Defense                  Defense                                           Time % Phy DF OF 
 1 Morgan Rielly            Andy Greene                                       60     1   2  2  
 2 Marc-Edouard Vlasic      Justin Faulk                                      40     1   2  2  

Penalty Kill 4 Players Forward 
   Center                   Wing                     Time % Phy DF OF 
 1 Evander Kane             Evgeny Kuznetsov         60     1   2  2  
 2 Anthony Cirelli          Reilly Smith             40     1   2  2  

Penalty Kill 4 Players Defense
   Defense                  Defense                  Time % Phy DF OF 
 1 Morgan Rielly            Andy Greene              60     1   2  2  
 2 Marc-Edouard Vlasic      Justin Faulk             40     1   2  2  

Penalty Kill - 3 Players Forward 
   Forward                                           Time % Phy DF OF 
 1 Evander Kane                                      60     1   2  2  
 2 Evgeny Kuznetsov                                  40     1   2  2  

Penalty Kill - 3 Players Defense
   Defense                  Defense                  Time % Phy DF OF 
 1 Morgan Rielly            Andy Greene              60     1   2  2  
 2 Marc-Edouard Vlasic      Justin Faulk             40     1   2  2  

4 vs 4 Forward 
   Center                   Wing                     Time % Phy DF OF 
 1 Evander Kane             Evgeny Kuznetsov         60     1   2  2  
 2 Anthony Cirelli          Reilly Smith             40     1   2  2  

4 vs 4 Defense
   Defense                  Defense                  Time % Phy DF OF 
 1 Morgan Rielly            Andy Greene              60     1   2  2  
 2 Marc-Edouard Vlasic      Justin Faulk             40     1   2  2  

Last Minutes Offensive
   Center                   Left Wing                Right Wing               Defense                  Defense                  
   Evgeny Kuznetsov         Evander Kane             Anthony Cirelli          Morgan Rielly            Andy Greene              

Last Minutes Defensive
   Center                   Left Wing                Right Wing               Defense                  Defense                  
   Evgeny Kuznetsov         Evander Kane             Anthony Cirelli          Morgan Rielly            Andy Greene              

Goaltenders
Starting : Jonathan Quick           
Backup : Brian Elliott            

Extra Forwards
Normal : Matt Martin, Christian Dvorak, Zach Sanford - PP : Matt Martin, Christian Dvorak - PK : Zach Sanford
Extra Defensemen
Normal : MacKenzie Weegar, Sean Walker, Mike Reilly - PP : MacKenzie Weegar - PK : Sean Walker, Mike Reilly
Penalty Shots
Evander Kane, Evgeny Kuznetsov, Anthony Cirelli, Reilly Smith, Jeff Carter
Custom OT Lines Forwards
Evander Kane, Evgeny Kuznetsov, Anthony Cirelli, Reilly Smith, Jeff Carter, Christian Dvorak, Jonathan Drouin, Zach Sanford, Colin White, Michael Frolik
Custom OT Lines Defensemen
Morgan Rielly, Andy Greene, Marc-Edouard Vlasic, Justin Faulk, MacKenzie Weegar

Scratches
Ryan Reaves (Healthy)

Maroons

5 vs 5 Forward 
   Center                   Left Wing                Right Wing               Time % Phy DF OF 
 1 Bo Horvat                Matthew Tkachuk          Bryan Rust               40     1   2  2  
 2 Pierre-Luc Dubois        Filip Zadina             Brendan Gallagher        30     1   2  2  
 3 Charlie Coyle            Nick Ritchie             Nicolas Aube-Kubel       20     1   2  2  
 4 Frederik Gauthier        Carl Gunnarsson          Jay Beagle               10     1   2  2  

5 vs 5 Defense 
   Defense                  Defense                                           Time % Phy DF OF 
 1 Jacob Trouba             Esa Lindell                                       40     1   2  2  
 2 Ryan McDonagh            Brenden Dillon                                    30     1   2  2  
 3 Dylan McIlrath           Carl Gunnarsson                                   20     1   2  2  
 4 Jacob Trouba             Ryan McDonagh                                     10     1   2  2  

PowerPlay Forward 
   Center                   Left Wing                Right Wing               Time % Phy DF OF 
 1 Bo Horvat                Matthew Tkachuk          Bryan Rust               60     1   2  2  
 2 Pierre-Luc Dubois        Filip Zadina             Brendan Gallagher        40     1   2  2  

PowerPlay Defense
   Defense                  Defense                                           Time % Phy DF OF 
 1 Esa Lindell              Jacob Trouba                                      60     1   2  2  
 2 Ryan McDonagh            Dylan McIlrath                                    40     1   2  2  

Penalty Kill 4 Players Forward 
   Center                   Wing                     Time % Phy DF OF 
 1 Bo Horvat                Bryan Rust               60     1   2  2  
 2 Cal Clutterbuck          Jay Beagle               40     1   2  2  

Penalty Kill 4 Players Defense
   Defense                  Defense                  Time % Phy DF OF 
 1 Jacob Trouba             Esa Lindell              60     1   2  2  
 2 Brenden Dillon           Ryan McDonagh            40     1   2  2  

Penalty Kill - 3 Players Forward 
   Forward                                           Time % Phy DF OF 
 1 Matthew Tkachuk                                   60     1   2  2  
 2 Frederik Gauthier                                 40     1   2  2  

Penalty Kill - 3 Players Defense
   Defense                  Defense                  Time % Phy DF OF 
 1 Esa Lindell              Jacob Trouba             60     1   2  2  
 2 Carl Gunnarsson          Dylan McIlrath           40     1   2  2  

4 vs 4 Forward 
   Center                   Wing                     Time % Phy DF OF 
 1 Bryan Rust               Bo Horvat                60     1   2  2  
 2 Nick Ritchie             Filip Zadina             40     1   2  2  

4 vs 4 Defense
   Defense                  Defense                  Time % Phy DF OF 
 1 Jacob Trouba             Ryan McDonagh            60     1   2  2  
 2 Esa Lindell              Brenden Dillon           40     1   2  2  

Last Minutes Offensive
   Center                   Left Wing                Right Wing               Defense                  Defense                  
   Cal Clutterbuck          Bo Horvat                Bryan Rust               Jacob Trouba             Esa Lindell              

Last Minutes Defensive
   Center                   Left Wing                Right Wing               Defense                  Defense                  
   Cal Clutterbuck          Bo Horvat                Bryan Rust               Jacob Trouba             Esa Lindell              

Goaltenders
Starting : John Gibson              
Backup : Philippe Desrosiers      

Extra Forwards
Normal : Bo Horvat, Bryan Rust, Matthew Tkachuk - PP : Brendan Gallagher, Pierre-Luc Dubois - PK : Nicolas Aube-Kubel
Extra Defensemen
Normal : Jacob Trouba, Carl Gunnarsson, Esa Lindell - PP : Jacob Trouba - PK : Ryan McDonagh, Esa Lindell
Penalty Shots
Bo Horvat, Bryan Rust, Matthew Tkachuk, Brendan Gallagher, Pierre-Luc Dubois
Custom OT Lines Forwards
Nicolas Aube-Kubel, Bo Horvat, Bryan Rust, Matthew Tkachuk, Brendan Gallagher, Pierre-Luc Dubois, Charlie Coyle, Cal Clutterbuck, Jay Beagle, Nick Ritchie
Custom OT Lines Defensemen
Jacob Trouba, Carl Gunnarsson, Esa Lindell, Ryan McDonagh, Brenden Dillon

Scratches
Nick Schmaltz (Strained Groin Injury)

% Time on Ice - Blues

Lines # - Real PCT - Wanted PCT - Time Play
Normal Forward
1 - 32% - 40% - 14:19
2 - 25% - 30% - 11:15
3 - 24% - 20% - 10:38
4 - 18% - 10% - 8:07
Normal Defense
1 - 36% - 40% - 16:10
2 - 33% - 30% - 14:30
3 - 25% - 20% - 11:01
4 - 6% - 10% - 2:38
PP Forward
1 - 54% - 60% - 5:11
2 - 46% - 40% - 4:27
PP Defense
1 - 65% - 60% - 6:18
2 - 35% - 40% - 3:20
PK Forward
1 - 83% - 60% - 5:02
2 - 17% - 40% - 1:01
PK Defense
1 - 71% - 60% - 4:19
2 - 29% - 40% - 1:44
PK3 Forward
1 - 0% - 60%
2 - 0% - 40%
PK3 Defense
1 - 0% - 60%
2 - 0% - 40%
44 Forward
1 - 0% - 60%
2 - 0% - 40%
44 Defense
1 - 0% - 60%
2 - 0% - 40%
Last Minute Offensive  - 0:00
Last Minute Defensive  - 0:00
Total
Forward - 60:00
Defense - 60:00

% Time on Ice - Maroons

Lines # - Real PCT - Wanted PCT - Time Play
Normal Forward
1 - 33% - 40% - 14:48
2 - 28% - 30% - 12:31
3 - 24% - 20% - 10:33
4 - 15% - 10% - 6:27
Normal Defense
1 - 41% - 40% - 18:12
2 - 34% - 30% - 15:05
3 - 22% - 20% - 9:33
4 - 3% - 10% - 1:29
PP Forward
1 - 63% - 60% - 3:50
2 - 37% - 40% - 2:13
PP Defense
1 - 85% - 60% - 5:08
2 - 15% - 40% - 0:55
PK Forward
1 - 74% - 60% - 7:10
2 - 26% - 40% - 2:28
PK Defense
1 - 53% - 60% - 5:08
2 - 47% - 40% - 4:30
PK3 Forward
1 - 0% - 60%
2 - 0% - 40%
PK3 Defense
1 - 0% - 60%
2 - 0% - 40%
44 Forward
1 - 0% - 60%
2 - 0% - 40%
44 Defense
1 - 0% - 60%
2 - 0% - 40%
Last Minute Offensive  - 0:00
Last Minute Defensive  - 0:00
Total
Forward - 60:00
Defense - 60:00

Play-by-Play

1st period


0:01 of 1st period - Bo Horvat wins face-off versus Evgeny Kuznetsov in neutral zone.
0:11 of 1st period - Evander Kane beats up Jacob Trouba.
0:11 of 1st period - Penalty to Jacob Trouba for Fighting.
0:11 of 1st period - Penalty to Evander Kane for Fighting.
0:12 of 1st period - Jeff Carter wins face-off versus Pierre-Luc Dubois in Blues zone.
0:15 of 1st period - Wrist shot by Pierre-Luc Dubois.
0:15 of 1st period - Shot Misses the Net.
1:23 of 1st period - Snap shot by Frederik Gauthier.
1:23 of 1st period - Stopped by Jonathan Quick with a rebound.
1:25 of 1st period - Slapshot by Jay Beagle.
1:25 of 1st period - Shot Misses the Net.
1:27 of 1st period - Wrist shot by Jay Beagle.
1:27 of 1st period - Shot Blocked by Sean Walker.
1:29 of 1st period - Backhand shot by Esa Lindell.
1:29 of 1st period - Deflect By Jay Beagle.
1:29 of 1st period - Shot Misses the Net.
1:29 of 1st period - Puck is out of play.
1:30 of 1st period - Jeff Carter wins face-off versus Pierre-Luc Dubois in Blues zone.
1:55 of 1st period - Andy Greene is hit by Dylan McIlrath and loses puck.
2:06 of 1st period - Snap shot by Bo Horvat.
2:06 of 1st period - Stopped by Jonathan Quick with a rebound.
2:46 of 1st period - Melker Karlsson is hit by Brendan Gallagher and loses puck.
3:47 of 1st period - Snap shot by Christian Dvorak.
3:47 of 1st period - Stopped by John Gibson without a rebound.
3:48 of 1st period - Christian Dvorak wins face-off versus Pierre-Luc Dubois in Maroons zone.
3:49 of 1st period - Snap shot by Colin White.
3:49 of 1st period - Deflect By Christian Dvorak.
3:49 of 1st period - Shot Misses the Net.
3:49 of 1st period - Puck is out of play.
3:50 of 1st period - Pierre-Luc Dubois wins face-off versus Jeff Carter in Maroons zone.
4:04 of 1st period - Wrist shot by Reilly Smith.
4:04 of 1st period - Shot Misses the Net.
4:12 of 1st period - Marc-Edouard Vlasic is hit by Pierre-Luc Dubois and loses puck.
4:17 of 1st period - Snap shot by Brendan Gallagher.
4:17 of 1st period - Stopped by Jonathan Quick with a rebound.
4:19 of 1st period - Snap shot by Pierre-Luc Dubois.
4:19 of 1st period - Stopped by Jonathan Quick with a rebound.
4:21 of 1st period - Slapshot by Carl Gunnarsson.
4:21 of 1st period - Stopped by Jonathan Quick without a rebound.
4:22 of 1st period - Bo Horvat wins face-off versus Matt Martin in Blues zone.
4:29 of 1st period - Snap shot by Bryan Rust.
4:29 of 1st period - Stopped by Jonathan Quick with a rebound.
5:16 of 1st period - Marc-Edouard Vlasic is hit by Brendan Gallagher and loses puck.
5:31 of 1st period - Snap shot by Evgeny Kuznetsov.
5:31 of 1st period - Shot Blocked by Bryan Rust.
5:33 of 1st period - Snap shot by Anthony Cirelli.
5:33 of 1st period - Stopped by John Gibson without a rebound.
5:34 of 1st period - Bo Horvat wins face-off versus Evgeny Kuznetsov in Maroons zone.
5:34 of 1st period - Bo Horvat is hit by Marc-Edouard Vlasic.
6:05 of 1st period - Ryan McDonagh is hit by Morgan Rielly.
6:33 of 1st period - Double Minor Penalty to Brenden Dillon for Roughing.
6:34 of 1st period - Evgeny Kuznetsov wins face-off versus Bo Horvat in Maroons zone.
7:06 of 1st period - Jacob Trouba is hit by Anthony Cirelli and loses puck.
7:35 of 1st period - Snap shot by Pierre-Luc Dubois.
7:35 of 1st period - Stopped by Jonathan Quick with a rebound.
8:29 of 1st period - Ryan McDonagh is hit by Matt Martin and loses puck.
8:59 of 1st period - Icing by Marc-Edouard Vlasic.
9:00 of 1st period - Nicolas Aube-Kubel wins face-off versus Matt Martin in Blues zone.
9:29 of 1st period - Justin Faulk is hit by Cal Clutterbuck.
10:33 of 1st period - Penalty to Brenden Dillon is over, Brenden Dillon is back on ice.
10:43 of 1st period - Wrist shot by Nick Ritchie.
10:43 of 1st period - Stopped by Jonathan Quick without a rebound.
10:44 of 1st period - Christian Dvorak wins face-off versus Charlie Coyle in Blues zone.
10:53 of 1st period - Wrist shot by Nick Ritchie.
10:53 of 1st period - Stopped by Jonathan Quick with a rebound.
10:55 of 1st period - Snap shot by Charlie Coyle.
10:55 of 1st period - Stopped by Jonathan Quick without a rebound.
10:56 of 1st period - Evgeny Kuznetsov wins face-off versus Bryan Rust in Blues zone.
11:06 of 1st period - Minor Penalty to Evgeny Kuznetsov for Holding.
11:07 of 1st period - Evander Kane wins face-off versus Bo Horvat in Blues zone.
12:37 of 1st period - Andy Greene is hit by Matthew Tkachuk and loses puck.
13:06 of 1st period - Penalty to Evgeny Kuznetsov is over, Evgeny Kuznetsov is back on ice.
13:32 of 1st period - Backhand shot by Nicolas Aube-Kubel.
13:32 of 1st period - Stopped by Jonathan Quick without a rebound.
13:33 of 1st period - Jeff Carter wins face-off versus Charlie Coyle in Blues zone.
13:33 of 1st period - Jeff Carter is hit by Nick Ritchie.
13:41 of 1st period - Snap shot by Reilly Smith.
13:41 of 1st period - Shot Misses the Net.
14:14 of 1st period - Wrist shot by Colin White.
14:14 of 1st period - Stopped by John Gibson with a rebound.
14:16 of 1st period - Slapshot by Morgan Rielly.
14:16 of 1st period - Deflect By Carl Gunnarsson.
14:16 of 1st period - Stopped by John Gibson without a rebound.
14:17 of 1st period - Christian Dvorak wins face-off versus Bo Horvat in Maroons zone.
14:22 of 1st period - Slapshot by Christian Dvorak.
14:22 of 1st period - Stopped by John Gibson without a rebound.
14:23 of 1st period - Evgeny Kuznetsov wins face-off versus Bo Horvat in Maroons zone.
14:24 of 1st period - Snap shot by Evander Kane.
14:24 of 1st period - Shot Misses the Net.
14:50 of 1st period - Wrist shot by Reilly Smith.
14:50 of 1st period - Deflect By Jonathan Drouin.
14:50 of 1st period - Stopped by John Gibson with a rebound.
14:52 of 1st period - Wrist shot by Reilly Smith.
14:52 of 1st period - Shot Misses the Net.
14:54 of 1st period - Snap shot by Jeff Carter.
14:54 of 1st period - Blues goal is going for a video replay.
14:54 of 1st period - The goal is refused. The puck has entered the net after making contact with an attacking player’s stick that is above the height of the crossbar..
14:55 of 1st period - Pierre-Luc Dubois wins face-off versus Jeff Carter in Maroons zone.
14:55 of 1st period - Pierre-Luc Dubois is hit by Jonathan Drouin.
15:25 of 1st period - Wrist shot by Reilly Smith.
15:25 of 1st period - Stopped by John Gibson without a rebound.
15:26 of 1st period - Evgeny Kuznetsov wins face-off versus Nicolas Aube-Kubel in Maroons zone.
15:27 of 1st period - Wrist shot by Anthony Cirelli.
15:27 of 1st period - Shot Blocked by Nick Ritchie.
15:29 of 1st period - Slapshot by Marc-Edouard Vlasic.
15:29 of 1st period - Deflect By Evgeny Kuznetsov.
15:29 of 1st period - Shot Misses the Net.
15:29 of 1st period - Puck is out of play.
15:30 of 1st period - Bo Horvat wins face-off versus Evgeny Kuznetsov in Maroons zone.
15:30 of 1st period - Bo Horvat is hit by Evander Kane.
15:38 of 1st period - Snap shot by Matthew Tkachuk.
15:38 of 1st period - Shot Misses the Net.
15:40 of 1st period - Wrist shot by Bo Horvat.
15:40 of 1st period - Stopped by Jonathan Quick without a rebound.
15:41 of 1st period - Bo Horvat wins face-off versus Evgeny Kuznetsov in Blues zone.
15:50 of 1st period - Snap shot by Matthew Tkachuk.
15:50 of 1st period - Shot Misses the Net.
15:52 of 1st period - Snap shot by Bryan Rust.
15:52 of 1st period - Stopped by Jonathan Quick with a rebound.
15:54 of 1st period - Snap shot by Bryan Rust.
15:54 of 1st period - Stopped by Jonathan Quick with a rebound.
15:56 of 1st period - Slapshot by Esa Lindell.
15:56 of 1st period - Stopped by Jonathan Quick without a rebound.
15:57 of 1st period - Jeff Carter wins face-off versus Pierre-Luc Dubois in Blues zone.
16:02 of 1st period - Wrist shot by Jonathan Drouin.
16:02 of 1st period - Shot Misses the Net.
16:22 of 1st period - Anthony Cirelli is hit by Bryan Rust.
16:55 of 1st period - Snap shot by Charlie Coyle.
16:55 of 1st period - Stopped by Jonathan Quick without a rebound.
16:56 of 1st period - Pierre-Luc Dubois wins face-off versus Evgeny Kuznetsov in Blues zone.
17:01 of 1st period - Snap shot by Pierre-Luc Dubois.
17:01 of 1st period - Stopped by Jonathan Quick without a rebound.
17:02 of 1st period - Pierre-Luc Dubois wins face-off versus Evgeny Kuznetsov in Blues zone.
18:00 of 1st period - Wrist shot by Bryan Rust.
18:00 of 1st period - Shot Misses the Net.
18:02 of 1st period - Slapshot by Jacob Trouba.
18:02 of 1st period - Stopped by Jonathan Quick without a rebound.
18:03 of 1st period - Bo Horvat wins face-off versus Evgeny Kuznetsov in Blues zone.
18:04 of 1st period - Wrist shot by Matthew Tkachuk.
18:04 of 1st period - Shot Misses the Net.
18:28 of 1st period - Frederik Gauthier is hit by Reilly Smith and loses puck.
19:22 of 1st period - Slapshot by Pierre-Luc Dubois.
19:22 of 1st period - Shot Misses the Net.
Goals for this period are 0 for Blues vs 0 for Maroons.
Shots for this period are 8 for Blues vs 18 for Maroons.

2nd period


0:01 of 2nd period - Bo Horvat wins face-off versus Evgeny Kuznetsov in neutral zone.
0:04 of 2nd period - Wrist shot by Bo Horvat.
0:04 of 2nd period - Stopped by Jonathan Quick with a rebound.
0:06 of 2nd period - Snap shot by Bo Horvat.
0:06 of 2nd period - Stopped by Jonathan Quick with a rebound.
0:38 of 2nd period - Snap shot by Carl Gunnarsson.
0:38 of 2nd period - Stopped by Jonathan Quick without a rebound.
0:39 of 2nd period - Pierre-Luc Dubois wins face-off versus Jeff Carter in Blues zone.
0:54 of 2nd period - Jonathan Drouin is hit by Brendan Gallagher.
1:04 of 2nd period - Zach Sanford is hit by Brenden Dillon and loses puck.
1:23 of 2nd period - Minor Penalty to MacKenzie Weegar for Roughing.
1:24 of 2nd period - Evander Kane wins face-off versus Bo Horvat in Blues zone.
1:37 of 2nd period - Slapshot by Jacob Trouba.
1:37 of 2nd period - Deflect By Evgeny Kuznetsov.
1:37 of 2nd period - Stopped by Jonathan Quick without a rebound.
1:38 of 2nd period - Evander Kane wins face-off versus Bo Horvat in Blues zone.
1:54 of 2nd period - Slapshot by Esa Lindell.
1:54 of 2nd period - Goal by Esa Lindell - Blues : 0 - Maroons : 1.
1:55 of 2nd period - Evgeny Kuznetsov wins face-off versus Bo Horvat in neutral zone.
2:21 of 2nd period - Jacob Trouba is hit by Morgan Rielly and loses puck.
2:43 of 2nd period - Wrist shot by Christian Dvorak.
2:43 of 2nd period - Stopped by John Gibson without a rebound.
2:44 of 2nd period - Christian Dvorak wins face-off versus Charlie Coyle in Maroons zone.
2:45 of 2nd period - Snap shot by Colin White.
2:45 of 2nd period - Stopped by John Gibson with a rebound.
3:11 of 2nd period - Marc-Edouard Vlasic is hit by Matthew Tkachuk and loses puck.
4:07 of 2nd period - Ryan McDonagh is hit by Sean Walker and loses puck.
5:17 of 2nd period - MacKenzie Weegar is hit by Ryan McDonagh and loses puck.
5:38 of 2nd period - Snap shot by Melker Karlsson.
5:38 of 2nd period - Stopped by John Gibson with a rebound.
5:40 of 2nd period - Wrist shot by Michael Frolik.
5:40 of 2nd period - Shot Misses the Net.
5:54 of 2nd period - Curtis Lazar is hit by Brenden Dillon and loses puck.
6:23 of 2nd period - Brenden Dillon is hit by Melker Karlsson and loses puck.
6:32 of 2nd period - Backhand shot by Curtis Lazar.
6:32 of 2nd period - Shot Blocked by Ryan McDonagh.
6:53 of 2nd period - Minor Penalty to MacKenzie Weegar for Roughing.
6:54 of 2nd period - Bo Horvat wins face-off versus Evander Kane in Blues zone.
7:25 of 2nd period - Anthony Cirelli is hit by Pierre-Luc Dubois and loses puck.
7:30 of 2nd period - Snap shot by Brendan Gallagher.
7:30 of 2nd period - Stopped by Jonathan Quick without a rebound.
7:31 of 2nd period - Evander Kane wins face-off versus Bryan Rust in Blues zone.
7:40 of 2nd period - Justin Faulk is hit by Jacob Trouba and loses puck.
7:47 of 2nd period - Snap shot by Bo Horvat.
7:47 of 2nd period - Shot Blocked by Marc-Edouard Vlasic.
8:06 of 2nd period - Reilly Smith is hit by Pierre-Luc Dubois and loses puck.
8:53 of 2nd period - Penalty to MacKenzie Weegar is over, MacKenzie Weegar is back on ice.
9:09 of 2nd period - Minor Penalty to Nick Ritchie for High sticking.
9:10 of 2nd period - Bo Horvat wins face-off versus Evgeny Kuznetsov in Maroons zone.
9:10 of 2nd period - Bo Horvat is hit by Evander Kane.
9:21 of 2nd period - Anthony Cirelli is hit by Esa Lindell and loses puck.
11:09 of 2nd period - Penalty to Nick Ritchie is over, Nick Ritchie is back on ice.
11:57 of 2nd period - Zach Sanford is hit by Brenden Dillon and loses puck.
12:51 of 2nd period - Marc-Edouard Vlasic is hit by Nick Ritchie and loses puck.
14:23 of 2nd period - Icing by Colin White.
14:24 of 2nd period - Christian Dvorak wins face-off versus Bo Horvat in Blues zone.
15:16 of 2nd period - Snap shot by Bo Horvat.
15:16 of 2nd period - Deflect By Curtis Lazar.
15:16 of 2nd period - Stopped by Jonathan Quick with a rebound.
15:50 of 2nd period - Snap shot by Reilly Smith.
15:50 of 2nd period - Shot Blocked by Matthew Tkachuk.
15:52 of 2nd period - Backhand shot by MacKenzie Weegar.
15:52 of 2nd period - Deflect By Jeff Carter.
15:52 of 2nd period - Shot Blocked by Jacob Trouba.
15:52 of 2nd period - Puck is out of play.
15:53 of 2nd period - Bo Horvat wins face-off versus Jonathan Drouin in Maroons zone.
16:18 of 2nd period - Esa Lindell is hit by Anthony Cirelli and loses puck.
17:17 of 2nd period - Icing by Marc-Edouard Vlasic.
17:18 of 2nd period - Charlie Coyle wins face-off versus Evgeny Kuznetsov in Blues zone.
17:23 of 2nd period - Wrist shot by Nick Ritchie.
17:23 of 2nd period - Shot Misses the Net.
17:25 of 2nd period - Snap shot by Charlie Coyle.
17:25 of 2nd period - Stopped by Jonathan Quick with a rebound.
17:27 of 2nd period - Wrist shot by Charlie Coyle.
17:27 of 2nd period - Stopped by Jonathan Quick with a rebound.
17:29 of 2nd period - Slapshot by Nick Ritchie.
17:29 of 2nd period - Stopped by Jonathan Quick without a rebound.
17:30 of 2nd period - Bo Horvat wins face-off versus Evgeny Kuznetsov in Blues zone.
17:37 of 2nd period - Snap shot by Anthony Cirelli.
17:37 of 2nd period - Shot Misses the Net.
17:47 of 2nd period - Slapshot by Bo Horvat.
17:47 of 2nd period - Shot Misses the Net.
18:36 of 2nd period - Zach Sanford is hit by Jacob Trouba.
18:42 of 2nd period - Icing by Esa Lindell.
18:43 of 2nd period - Bo Horvat wins face-off versus Evgeny Kuznetsov in Maroons zone.
19:00 of 2nd period - Snap shot by Anthony Cirelli.
19:00 of 2nd period - Shot Blocked by Jacob Trouba.
19:32 of 2nd period - Melker Karlsson is hit by Carl Gunnarsson and loses puck.
Goals for this period are 0 for Blues vs 1 for Maroons.
Shots for this period are 3 for Blues vs 10 for Maroons.

3rd period


0:01 of 3rd period - Evgeny Kuznetsov wins face-off versus Matthew Tkachuk in neutral zone.
0:14 of 3rd period - Wrist shot by Evander Kane.
0:14 of 3rd period - Shot Misses the Net.
0:32 of 3rd period - Snap shot by Colin White.
0:32 of 3rd period - Shot Misses the Net.
0:34 of 3rd period - Snap shot by Colin White.
0:34 of 3rd period - Stopped by John Gibson with a rebound.
0:36 of 3rd period - Snap shot by Marc-Edouard Vlasic.
0:36 of 3rd period - Shot Misses the Net.
0:38 of 3rd period - Slapshot by Colin White.
0:38 of 3rd period - Shot Blocked by Jacob Trouba.
0:52 of 3rd period - Slapshot by Esa Lindell.
0:52 of 3rd period - Shot Misses the Net.
0:54 of 3rd period - Slapshot by Esa Lindell.
0:54 of 3rd period - Shot Blocked by Marc-Edouard Vlasic.
1:08 of 3rd period - Snap shot by Michael Frolik.
1:08 of 3rd period - Stopped by John Gibson with a rebound.
1:16 of 3rd period - Melker Karlsson is hit by Jacob Trouba and loses puck.
1:40 of 3rd period - Snap shot by Evgeny Kuznetsov.
1:40 of 3rd period - Shot Misses the Net.
2:16 of 3rd period - Colin White is hit by Matthew Tkachuk and loses puck.
2:27 of 3rd period - Charlie Coyle is hit by Curtis Lazar and loses puck.
2:58 of 3rd period - Snap shot by Pierre-Luc Dubois.
2:58 of 3rd period - Stopped by Jonathan Quick with a rebound.
3:00 of 3rd period - Snap shot by Carl Gunnarsson.
3:00 of 3rd period - Goal by Carl Gunnarsson - Blues : 0 - Maroons : 2.
3:01 of 3rd period - Bo Horvat wins face-off versus Evgeny Kuznetsov in neutral zone.
3:16 of 3rd period - Wrist shot by Evgeny Kuznetsov.
3:16 of 3rd period - Shot Misses the Net.
3:18 of 3rd period - Snap shot by Marc-Edouard Vlasic.
3:18 of 3rd period - Deflect By Evgeny Kuznetsov.
3:18 of 3rd period - Shot Blocked by Ryan McDonagh.
3:18 of 3rd period - Puck is out of play.
3:19 of 3rd period - Filip Zadina wins face-off versus Jeff Carter in Maroons zone.
3:26 of 3rd period - Snap shot by Filip Zadina.
3:26 of 3rd period - Shot Misses the Net.
3:28 of 3rd period - Wrist shot by Pierre-Luc Dubois.
3:28 of 3rd period - Shot Blocked by Jonathan Drouin.
3:30 of 3rd period - Wrist shot by Pierre-Luc Dubois.
3:30 of 3rd period - Stopped by Jonathan Quick without a rebound.
3:31 of 3rd period - Bo Horvat wins face-off versus Evgeny Kuznetsov in Blues zone.
3:44 of 3rd period - Snap shot by Morgan Rielly.
3:44 of 3rd period - Deflect By Evander Kane.
3:44 of 3rd period - Shot Blocked by Jacob Trouba.
3:44 of 3rd period - Puck is out of play.
3:45 of 3rd period - Bo Horvat wins face-off versus Evgeny Kuznetsov in Maroons zone.
3:47 of 3rd period - Minor Penalty to Matthew Tkachuk for Tripping.
3:48 of 3rd period - Evgeny Kuznetsov wins face-off versus Bo Horvat in Maroons zone.
3:50 of 3rd period - Slapshot by Evander Kane.
3:50 of 3rd period - Shot Misses the Net.
3:52 of 3rd period - Wrist shot by Evander Kane.
3:52 of 3rd period - Stopped by John Gibson with a rebound.
3:54 of 3rd period - Slapshot by Evander Kane.
3:54 of 3rd period - Shot Blocked by Esa Lindell.
3:56 of 3rd period - Snap shot by Evander Kane.
3:56 of 3rd period - Stopped by John Gibson without a rebound.
3:57 of 3rd period - Bo Horvat wins face-off versus Evgeny Kuznetsov in Maroons zone.
4:14 of 3rd period - Slapshot by Evander Kane.
4:14 of 3rd period - Shot Misses the Net.
4:16 of 3rd period - Wrist shot by Evander Kane.
4:16 of 3rd period - Stopped by John Gibson without a rebound.
4:17 of 3rd period - Jeff Carter wins face-off versus Bo Horvat in Maroons zone.
5:47 of 3rd period - Penalty to Matthew Tkachuk is over, Matthew Tkachuk is back on ice.
5:59 of 3rd period - Zach Sanford is hit by Carl Gunnarsson and loses puck.
6:27 of 3rd period - Backhand shot by Michael Frolik.
6:27 of 3rd period - Shot Misses the Net.
6:29 of 3rd period - Snap shot by Morgan Rielly.
6:29 of 3rd period - Shot Hit the Post.
6:31 of 3rd period - Snap shot by Andy Greene.
6:31 of 3rd period - Goal by Andy Greene - Blues : 1 - Maroons : 2.
6:32 of 3rd period - Bo Horvat wins face-off versus Evgeny Kuznetsov in neutral zone.
6:35 of 3rd period - Justin Faulk is hit by Jacob Trouba and loses puck.
7:21 of 3rd period - Wrist shot by Christian Dvorak.
7:21 of 3rd period - Stopped by John Gibson with a rebound.
7:23 of 3rd period - Slapshot by Justin Faulk.
7:23 of 3rd period - Stopped by John Gibson without a rebound.
7:24 of 3rd period - Christian Dvorak wins face-off versus Charlie Coyle in Maroons zone.
8:08 of 3rd period - Icing by Justin Faulk.
8:09 of 3rd period - Jeff Carter wins face-off versus Pierre-Luc Dubois in Blues zone.
8:24 of 3rd period - Wrist shot by Jonathan Drouin.
8:24 of 3rd period - Shot Blocked by Jacob Trouba.
10:29 of 3rd period - Snap shot by Nick Ritchie.
10:29 of 3rd period - Stopped by Jonathan Quick with a rebound.
10:31 of 3rd period - Snap shot by Brenden Dillon.
10:31 of 3rd period - Stopped by Jonathan Quick with a rebound.
10:47 of 3rd period - Wrist shot by Zach Sanford.
10:47 of 3rd period - Shot Hit the Post.
10:49 of 3rd period - Wrist shot by Reilly Smith.
10:49 of 3rd period - Shot Blocked by Dylan McIlrath.
10:51 of 3rd period - Slapshot by MacKenzie Weegar.
10:51 of 3rd period - Deflect By Jeff Carter.
10:51 of 3rd period - Stopped by John Gibson without a rebound.
10:52 of 3rd period - Reilly Smith wins face-off versus Bo Horvat in Maroons zone.
11:27 of 3rd period - Minor Penalty to Pierre-Luc Dubois for Hooking.
11:28 of 3rd period - Evgeny Kuznetsov wins face-off versus Bo Horvat in Maroons zone.
11:28 of 3rd period - Snap shot by Evander Kane.
11:28 of 3rd period - Stopped by John Gibson with a rebound.
11:30 of 3rd period - Wrist shot by Evander Kane.
11:30 of 3rd period - Stopped by John Gibson without a rebound.
11:31 of 3rd period - Bo Horvat wins face-off versus Evgeny Kuznetsov in Maroons zone.
12:14 of 3rd period - Icing by Morgan Rielly.
12:15 of 3rd period - Bo Horvat wins face-off versus Jeff Carter in Blues zone.
12:40 of 3rd period - Backhand shot by Cal Clutterbuck.
12:40 of 3rd period - Stopped by Jonathan Quick with a rebound.
12:42 of 3rd period - Snap shot by Jay Beagle.
12:42 of 3rd period - Shot Misses the Net.
12:44 of 3rd period - Snap shot by Ryan McDonagh.
12:44 of 3rd period - Deflect By Reilly Smith.
12:44 of 3rd period - Stopped by Jonathan Quick with a rebound.
12:58 of 3rd period - Snap shot by Jeff Carter.
12:58 of 3rd period - Stopped by John Gibson with a rebound.
13:00 of 3rd period - Slapshot by Andy Greene.
13:00 of 3rd period - Stopped by John Gibson with a rebound.
13:06 of 3rd period - Wrist shot by Evgeny Kuznetsov.
13:06 of 3rd period - Shot Blocked by Bryan Rust.
13:08 of 3rd period - Slapshot by Evander Kane.
13:08 of 3rd period - Goal by Evander Kane - Blues : 2 - Maroons : 2.
13:09 of 3rd period - Filip Zadina wins face-off versus Evgeny Kuznetsov in neutral zone.
13:19 of 3rd period - Off-side.
13:20 of 3rd period - Anthony Cirelli wins face-off versus Bo Horvat in neutral zone.
13:48 of 3rd period - Slapshot by Jacob Trouba.
13:48 of 3rd period - Stopped by Jonathan Quick with a rebound.
13:50 of 3rd period - Slapshot by Esa Lindell.
13:50 of 3rd period - Stopped by Jonathan Quick without a rebound.
13:51 of 3rd period - Jeff Carter wins face-off versus Pierre-Luc Dubois in Blues zone.
14:16 of 3rd period - Bryan Rust is hit by Anthony Cirelli and loses puck.
14:47 of 3rd period - Snap shot by Michael Frolik.
14:47 of 3rd period - Shot Blocked by Esa Lindell.
14:49 of 3rd period - Wrist shot by Michael Frolik.
14:49 of 3rd period - Shot Misses the Net.
15:51 of 3rd period - Snap shot by Evgeny Kuznetsov.
15:51 of 3rd period - Shot Misses the Net.
15:53 of 3rd period - Wrist shot by Evander Kane.
15:53 of 3rd period - Shot Blocked by Ryan McDonagh.
15:55 of 3rd period - Wrist shot by Evander Kane.
15:55 of 3rd period - Stopped by John Gibson without a rebound.
15:56 of 3rd period - Christian Dvorak wins face-off versus Charlie Coyle in Maroons zone.
16:09 of 3rd period - Snap shot by Colin White.
16:09 of 3rd period - Goal by Colin White - Blues : 3 - Maroons : 2.
16:10 of 3rd period - Christian Dvorak wins face-off versus Charlie Coyle in neutral zone.
16:23 of 3rd period - Wrist shot by Colin White.
16:23 of 3rd period - Stopped by John Gibson without a rebound.
16:24 of 3rd period - Evgeny Kuznetsov wins face-off versus Bo Horvat in Maroons zone.
17:16 of 3rd period - Andy Greene is hit by Brendan Gallagher and loses puck.
18:11 of 3rd period - Backhand shot by Justin Faulk.
18:11 of 3rd period - Stopped by John Gibson without a rebound.
18:12 of 3rd period - Charlie Coyle wins face-off versus Christian Dvorak in Maroons zone.
18:12 of 3rd period - Charlie Coyle is hit by Zach Sanford.
18:20 of 3rd period - Snap shot by Charlie Coyle.
18:20 of 3rd period - Shot Misses the Net.
18:25 of 3rd period - Nicolas Aube-Kubel and MacKenzie Weegar fight to a draw.
18:25 of 3rd period - Penalty to Nicolas Aube-Kubel for Fighting.
18:25 of 3rd period - Penalty to MacKenzie Weegar for Fighting.
18:25 of 3rd period - Penalty to MacKenzie Weegar for instigated a fight.
18:25 of 3rd period - Penalty to MacKenzie Weegar for instigated a fight.
18:26 of 3rd period - Bo Horvat wins face-off versus Evander Kane in Maroons zone.
19:03 of 3rd period - Maroons, John Gibson is pulled from the net.
19:03 of 3rd period - Wrist shot by Brendan Gallagher.
19:03 of 3rd period - Deflect By Filip Zadina.
19:03 of 3rd period - Shot Misses the Net.
19:03 of 3rd period - Puck is out of play.
19:04 of 3rd period - Peter DeBoer call a timeout for Maroons.
19:04 of 3rd period - Anthony Cirelli wins face-off versus Bo Horvat in Blues zone.
19:13 of 3rd period - Wrist shot by Reilly Smith.
19:13 of 3rd period - Goal by Reilly Smith - Blues : 4 - Maroons : 2.
19:13 of 3rd period - John Gibson from Maroons was sent back in the game.
19:14 of 3rd period - Bo Horvat wins face-off versus Evander Kane in neutral zone.
19:25 of 3rd period - Snap shot by Matthew Tkachuk.
19:25 of 3rd period - Stopped by Jonathan Quick with a rebound.
19:27 of 3rd period - Slapshot by Bryan Rust.
19:27 of 3rd period - Stopped by Jonathan Quick without a rebound.
19:28 of 3rd period - Bo Horvat wins face-off versus Evander Kane in Blues zone.
Goals for this period are 4 for Blues vs 1 for Maroons.
Shots for this period are 19 for Blues vs 11 for Maroons.